AoeStats
← dohteM

MegaRandom

508808271Analyzed
2v2 RM · 9d ago on Sep 24, 2026· 58m 40s· 4 players
Game mode
Random Map
Map size
Medium (4 player)
Population
200
Speed
Normal
Resources
Standard
Victory
Conquest
Starting age
Dark Age
Ending age
Imperial Age
RankedLock teamsTeams togetherTeam positionsShared explorationLock speedFull tech treeHidden civsTurbo modeCheats
Victory
Defeat
🇺🇾 Inca · Uruguay
963
+16
🇺🇾 Spanish · Uruguay
934
+17
🇦🇷 Berbers · Argentina
977
-17
🇺🇸 Saracens · United States
955
-46
Filho da Polka
1:34 Loom
14:18 Feudal Age
15:45 Wheelbarrow
14:55 Town Watch
15:17 Double-Bit Axe
16:15 Champi Runner
18:24 Arson
24:46 Castle Age
26:30 Hand Cart
26:15 Town Patrol
26:30 Bow Saw
26:00 Horse Collar
29:34 Imperial Age
27:13 Squires
29:35 Scale Mail Armor
29:45 Forging
30:37 Chain Mail Armor
30:35 Elite Kamayuk
32:10 Iron Casting
33:50 Plate Mail Armor
35:12 Blast Furnace
36:02 Fabric Shields
38:51 Capped Ram
40:58 Andean Sling
40:21 Elite Skirmisher
41:45 Conscription
42:03 Fletching
42:13 Padded Archer Armor
42:50 Champi Warrior
43:39 Elite Champi Warrior
53:15 Onager
58:52 Heavy Plow
58:43 Gold Mining
R E P T I L E
11:09 Feudal Age
11:23 Loom
11:46 Double-Bit Axe
12:34 Horse Collar
12:53 Gold Mining
15:30 Wheelbarrow
14:41 Town Watch
19:32 Forging
21:52 Castle Age
22:50 Hand Cart
23:10 Squires
22:31 Pikeman
23:13 Scale Mail Armor
23:49 Iron Casting
23:39 Town Patrol
24:10 Heavy Plow
24:25 Bow Saw
27:51 Chain Mail Armor
31:48 Masonry
32:08 Redemption
34:36 Imperial Age
34:11 Fervor
34:13 Redemption
36:21 Chemistry
35:42 Ballistics
36:32 Two-Man Saw
36:13 Caravan
36:34 Block Printing
36:45 Illumination
36:40 Block Printing
36:47 Sanctity
37:10 Architecture
37:29 Halberdier
38:12 Padded Archer Armor
43:28 Theocracy
52:00 Leather Archer Armor
59:00 Arson
soldadPERON
8:13 Loom
10:07 Feudal Age
13:55 Wheelbarrow
18:07 Castle Age
16:03 Town Watch
16:24 Double-Bit Axe
16:20 Horse Collar
16:40 Gold Mining
19:10 Scale Barding Armor
19:46 Hand Cart
19:44 Bow Saw
19:36 Heavy Plow
21:12 Forging
22:32 Chain Barding Armor
24:14 Iron Casting
24:11 Bloodlines
27:01 Gold Shaft Mining
27:27 Fletching
30:30 Bodkin Arrow
33:52 Imperial Age
32:02 Husbandry
33:49 Kasbah
33:57 Padded Archer Armor
36:36 Chemistry
36:27 Conscription
35:58 Cavalier
37:55 Crop Rotation
37:51 Leather Archer Armor
37:59 Caravan
39:55 Bracer
40:23 Ballistics
42:00 Ring Archer Armor
42:06 Plate Barding Armor
43:48 Blast Furnace
42:49 Heavy Camel Rider
44:15 Maghrebi Camels
43:43 Elite Camel Archer
44:26 Scale Mail Armor
44:58 Masonry
46:25 Light Cavalry
47:56 Siege Engineers
48:09 Town Patrol
48:06 Elite Skirmisher
50:11 Stone Mining
50:44 Chain Mail Armor
49:55 Hussar
dohteM
1:55 Loom
12:34 Feudal Age
14:11 Wheelbarrow
13:29 Double-Bit Axe
13:58 Horse Collar
14:13 Town Watch
17:47 Castle Age
17:07 Gold Mining
20:02 Squires
22:05 Forging
24:57 Hand Cart
25:08 Scale Barding Armor
24:56 Fletching
25:57 Bloodlines
28:34 Man-at-Arms
29:45 Bodkin Arrow
32:26 Imperial Age
30:47 Husbandry
33:49 Iron Casting
33:35 Chain Barding Armor
32:41 Pikeman
32:42 Long Swordsman
33:53 Conscription
34:06 Bracer
35:46 Blast Furnace
34:12 Heavy Camel Rider
37:57 Onager
38:51 Onager
40:44 Siege Onager
43:43 Light Cavalry
46:44 Chemistry
46:15 Hussar
49:23 Heavy Plow
50:59 Plate Barding Armor
54:20 Town Patrol
54:24 Scale Mail Armor
54:24 Padded Archer Armor
Connection lost

Rejoining the realm…

Still unreachable

The connection could not be restored.

Session expired

The server has moved on; the page needs a fresh start.